 Dungeon Crawl Stone Soup version 0.14-a0-1361-g0512ea0 (webtiles) character file.

63 PolkaDot the Sneak (level 3, -1/24 HPs)
             Began as a Vampire Wizard on Dec 7, 2013.
             Slain by an adder (2 damage)
             ... on Level 2 of the Dungeon.
             The game lasted 00:05:14 (1174 turns).

PolkaDot the Sneak (Vampire Wizard)                 Turns: 1174, Time: 00:05:14

HP  -1/24        AC  2     Str  6      XL: 3   Next: 32%
MP   0/7         EV 18     Int 19 (21) God:
Gold 22          SH  0     Dex 17      Spells:  3 memorised,  1 level left

rFire  . . .     SeeInvis +     f - +0 whip
rCold  . . .     Clarity  .     a - +0 robe
rNeg   . . .     Conserve .     (no shield)
rPois  .         rCorr    .     b - +0 wizard hat
rElec  .         rRot     .     (no cloak)
SustAb . .       Spirit   .     (no gloves)
rMut   .         Warding  .     (no boots)
Saprov . . .     Stasis   .     (no amulet)
                                (no ring)
                                (no ring)

@: regenerating quickly, agile, mildly poisoned, slightly resistant to hostile
enchantments, quite stealthy
A: fangs 3, see invisible, unbreathing
a: no special abilities


You were on level 2 of the Dungeon.
You were very full.

You visited 1 branch of the dungeon, and saw 2 of its levels.

You collected 22 gold pieces.

Inventory:

Hand weapons
 f - a +0,+0 whip (weapon)
Armour
 a - a +0 robe (worn)
 b - a +0 wizard hat (worn)
Scrolls
 e - 2 scrolls of remove curse {unknown}
 h - a scroll of recharging {unknown}
Potions
 d - a potion of agility
 i - a potion of flight {unknown}
Books
 c - a book of Minor Magic

   Spells                             Type                      Level
   *Magic Dart                        Conjuration                  1
   Blink                              Translocation                2
   Call Imp                           Summoning                    2
   Repel Missiles                     Charms/Air                   2
   Slow                               Hexes                        2
   *Conjure Flame                     Conjuration/Fire             3
   *Mephitic Cloud                    Conjuration/Poison/Air       3


   Skills:
 - Level 2.1 Dodging
 - Level 3.0 Stealth
 - Level 3.0 Spellcasting
 * Level 2.4 Conjurations
   Level 1.0 Summonings
   Level 0.7 Translocations


You had one spell level left.
You knew the following spells:

 Your Spells              Type           Power        Failure   Level  Hunger
a - Magic Dart            Conj           ##..         8%          1    None
d - Mephitic Cloud        Conj/Pois/Air  #.......     34%         3    ###....
s - Conjure Flame         Conj/Fire      #.......     34%         3    ###....


Dungeon Overview and Level Annotations

Branches:
Dungeon (2/16)

Altars:


Innate Abilities, Weirdness & Mutations

Your natural rate of healing is unusually fast.
You have razor-sharp teeth.*
You have supernaturally acute eyesight.
You can survive without breathing.*


Message History

Press: ? - help, Shift-Dir - straight line, f/p - adder
Aim: an adder (severely wounded)
The magic dart hits the adder.
The adder is severely wounded.
* * * LOW MAGIC WARNING * * *
The adder completely misses you.
Casting: Magic Dart
Confirm with . or Enter, or press ? or * to list all spells.
Aiming: Magic Dart
Press: ? - help, Shift-Dir - straight line, f/p - adder
Aim: an adder (severely wounded)
The magic dart hits the adder.
The adder is almost dead.
* * * LOW MAGIC WARNING * * *
The adder completely misses you.
Drink which item? (? for menu, Esc to quit)
There was something very wrong with that liquid!
You feel dopey.
It was a potion of degeneration.
The adder misses you. The adder bites you.
You die...

#...# #...#
#...# . #...#
...# ##...###
....# #......#
....# #......#
....#
#......###....#
#.....@S).....#
######.....####
........(.)#
#######.<..#
#...## #####


You could see an adder.

Vanquished Creatures
  A gnoll (D:1)
  A giant gecko (D:1)
  A giant cockroach (D:1)
  4 goblins (D:1)
  4 hobgoblins (D:1)
  4 kobolds
  6 bats (D:1)
  A giant newt (D:1)
  8 rats (D:1)
30 creatures vanquished.

Notes
Turn   | Place    | Note
--------------------------------------------------------------
     0 | D:1      | PolkaDot, the Vampire Wizard, began the quest for the Orb.
     0 | D:1      | Reached XP level 1. HP: 13/13 MP: 4/4
    94 | D:1      | Reached skill level 1 in Conjurations
   304 | D:1      | Reached XP level 2. HP: 19/19 MP: 4/6
   998 | D:1      | Reached XP level 3. HP: 24/24 MP: 7/7
  1058 | D:1      | Learned a level 3 spell: Conjure Flame
  1062 | D:1      | Learned a level 3 spell: Mephitic Cloud
  1171 | D:2      | HP: 1/24 [adder (3)]
  1174 | D:2      | Slain by an adder

Action                   || total
-------------------------++-------
Melee: Unarmed           ||     4
       Whip              ||   104
 Cast: Magic Dart        ||    32
       Mephitic Cloud    ||     2
  Use: Potion            ||     3
 Stab: Sleeping          ||     3
       Confused          ||     1
